 Dungeon Crawl Stone Soup version 0.31-a0-1001-g770356a28f (webtiles) character file.

Game seed: 6406989918259240153

836 Dirtsage the Cleaver (level 7, -6/52 HPs)
             Began as a Demonspawn Berserker on Nov 8, 2023.
             Was an Elder of Trog.
             Mangled by a wight
             ... wielding a +1 morningstar of freezing
              (10 damage)
             ... on level 5 of the Dungeon.
             The game lasted 00:08:02 (4497 turns).

Dirtsage the Cleaver (Demonspawn Berserker)         Turns: 4497, Time: 00:08:02

Health: -6/52      AC:  9    Str: 20    XL:     7   Next: 66%
Magic:  7/7        EV:  8    Int:  8    God:    Trog [****..]
Gold:   162        SH:  0    Dex: 12    Spells: 6/6 levels left

rFire   + . .        r - +2 hand axe (drain)
rCold   . . .        (no shield)
rNeg    . . .        u - +0 chain mail
rPois   .            i - +1 hat
rElec   .            (no cloak)
rCorr   .            (no gloves)
SInv    .            (no boots)
Will    .....        e - amulet of faith Stlth
                     t - ring of flight
HPRegen 0.28/turn    F - ring of protection from fire
MPRegen 0.10/turn

%: faith
@: flying
A: antennae 1, foul stench 2
a: Renounce Religion, Berserk, Trog's Hand, Brothers in Arms


You were on level 5 of the Dungeon.
You worshipped Trog.
Trog was greatly pleased with you.
You visited 1 branch of the dungeon, and saw 5 of its levels.

You collected 240 gold pieces.
You spent 78 gold pieces at shops.

Inventory:

Hand Weapons
 a - a +0 hand axe
 r - a +2 hand axe of draining (weapon)
Armour
 h - a +0 leather armour
 i - a +1 hat (worn)
 o - a +0 ring mail
 u - a +0 chain mail (worn)
Jewellery
 e - an amulet of faith (around neck)
 t - a ring of flight (left hand)
 F - a ring of protection from fire (right hand)
Scrolls
 b - 2 scrolls of enchant weapon {unknown}
 c - a scroll of immolation
 d - a scroll of enchant armour
 g - a scroll of fear
 j - 2 scrolls of brand weapon
 k - 2 scrolls of noise
 q - 3 scrolls of vulnerability
 v - 2 scrolls of poison {unknown}
Potions
 f - a potion of berserk rage {unknown}
 l - 3 potions of heal wounds
 m - 3 potions of curing {unknown}
 n - a potion of mutation {unknown}
 p - a potion of magic {unknown}
 s - 2 potions of brilliance
 w - a potion of haste {unknown}


   Skills:
 - Level 3.0 Fighting
 + Level 8.4 Axes
 - Level 1.7 Armour
 - Level 1.7 Dodging


You had 6 spell levels left.
You didn't know any spells.
Your spell library contained the following spells:

 Spells                   Type           Power      Damage    Failure   Level
 Magic Dart               Conj           0%         1d3       98%         1
 Searing Ray              Conj           0%         2d4       99%         2
 Fulminant Prism          Conj/Hex       0%         3d5       100%        4


Dungeon Overview and Level Annotations

Branches:
Dungeon (5/15)
 Temple: D:4-7

Altars:
Ashenzari
Gozag
Hepliaklqana
Kikubaaqudgha
Qazlal
Sif Muna
Trog
Yredelemnul

Shops:
D:2 ?


Innate Abilities, Weirdness & Mutations

You have a pair of small antennae on your head.
You sometimes emit foul miasma when damaged in melee.


Message History

The wight is severely damaged.
You closely miss the wight. The wight hits you but does no damage.
The wight hits you with a +0 spear.
You take 2 damage, and have 40/50 hp.
You hit the wight.
You destroy the wight!
Trog accepts your kill.
You barely miss the wight. The wight closely misses you.
Your life force feels restored.
You closely miss the wight. You hit the wight.
The wight is lightly damaged.
The wight hits you but does no damage.
You hit the wight.
The wight is moderately damaged.
The wight hits you with a +1 morningstar of freezing!
The wight freezes you.
You emit a cloud of foul miasma!
You take 15 damage, and have 26/52 hp.
MASSIVE DAMAGE!!
You barely miss the wight.
The wight is moderately damaged.
The wight hits you with a +1 morningstar of freezing.
The wight freezes you.
You take 5 damage, and have 21/52 hp.
You hit the wight.
The wight is heavily damaged.
The wight closely misses you.
You hit the wight.
The wight is almost destroyed.
The wight closely misses you.
You hit the wight but do no damage.
The wight is almost destroyed.
The wight hits you with a +1 morningstar of freezing!
* * * LOW HITPOINT WARNING * * *
The wight freezes you.
* * * LOW HITPOINT WARNING * * *
You take 18 damage, and have 3/52 hp.
MASSIVE DAMAGE!!
You barely miss the wight.
The wight is almost destroyed.
The wight hits you with a +1 morningstar of freezing!
You die...

###...##.# ## ........
#. ....... # #. .....
#.#. #...## #.#.##
.... #....###.#
#$....)..# ##.)@###.#
##z## #.# ... #.# ####
#.# #.#
################.#
#####................#
......#.##############
#####...#


You could see a wight.

Vanquished Creatures
  A sky beast (D:4)
  An ogre (D:5)
  A scorpion (D:5)
  2 wights (D:5)
  A howler monkey (D:5)
  2 jellies (D:3)
  2 orc priests (D:3)
  An iguana (D:5)
  An orc wizard (D:4)
  Natasha (thrice) (D:4)
  3 gnolls (D:2)
  5 adders
  4 worms
  4 dart slugs
  22 orcs
  22 endoplasms
  2 giant cockroaches (D:1)
  8 goblins
  3 hobgoblins
  4 jackals
  14 kobolds
  2 quokkas
  6 ball pythons
  7 bats
  3 frilled lizards
  6 rats
  A spectral orc (D:3)
131 creatures vanquished.

Notes
Turn   | Place    | Note
-------+----------+-------------------------------------------
     0 | D:1      | Dirtsage the Demonspawn Berserker began the quest for the
                  | Orb.
     0 | D:1      | Reached XP level 1. HP: 18/18 MP: 1/1
   137 | D:1      | Reached skill level 3 in Axes
   177 | D:1      | Gained mutation: You may rarely emit foul miasma when
                  | damaged in melee. [demonic ancestry]
   177 | D:1      | Reached XP level 2. HP: 14/24 MP: 2/2
   549 | D:1      | Reached ** piety under Trog
   610 | D:1      | Gained mutation: You sometimes emit foul miasma when
                  | damaged in melee. [demonic ancestry]
   610 | D:1      | Reached XP level 3. HP: 27/29 MP: 3/3
   905 | D:2      | Found an ancient bone altar of Kikubaaqudgha.
   930 | D:2      | Reached skill level 4 in Axes
  1133 | D:2      | Reached XP level 4. HP: 34/35 MP: 4/4
  1387 | D:2      | Found Feix's Magic Scroll Emporium.
  1394 | D:2      | Bought a scroll of identify for 26 gold pieces
  1394 | D:2      | Bought a scroll of identify for 26 gold pieces
  1394 | D:2      | Bought a scroll of identify for 26 gold pieces
  1713 | D:2      | Reached skill level 5 in Axes
  1967 | D:3      | Found an opulent altar of Gozag.
  2137 | D:3      | Reached *** piety under Trog
  2223 | D:3      | Gained mutation: You have a pair of small antennae on your
                  | head. [demonic ancestry]
  2223 | D:3      | Reached XP level 5. HP: 36/41 MP: 5/5
  2476 | D:3      | Found an ancient bone altar of Kikubaaqudgha.
  2562 | D:3      | Found a basalt altar of Yredelemnul.
  2614 | D:3      | Reached skill level 6 in Axes
  2939 | D:3      | Reached XP level 6. HP: 34/47 MP: 6/6
  2947 | D:3      | Found a stormy altar of Qazlal.
  2947 | D:3      | Found a broken altar of Ashenzari.
  2947 | D:3      | Found a hazy altar of Hepliaklqana.
  2947 | D:3      | Found an ancient bone altar of Kikubaaqudgha.
  2947 | D:3      | Found a bloodstained altar of Trog.
  2947 | D:3      | Found a shimmering blue altar of Sif Muna.
  2952 | D:3      | Reached **** piety under Trog
  3202 | D:4      | Noticed Natasha
  3213 | D:4      | Killed Natasha
  3303 | D:4      | You fall into a shaft and drop 1 floor!
  3303 | D:5      | Entered Level 5 of the Dungeon
  3465 | D:5      | Found a faded altar of an unknown god.
  3465 | D:5      | Found a hazy altar of Hepliaklqana.
  3467 | D:5      | Found a faded altar of an unknown god.
  3597 | D:4      | Found a stormy altar of Qazlal.
  3597 | D:4      | Noticed a sky beast
  3610 | D:4      | Killed a sky beast
  3611 | D:4      | Reached skill level 7 in Axes
  3749 | D:4      | Reached XP level 7. HP: 47/52 MP: 7/7
  3859 | D:4      | Noticed Natasha
  3867 | D:4      | Killed Natasha
  4163 | D:4      | Noticed Natasha
  4173 | D:4      | Killed Natasha
  4291 | D:5      | Reached skill level 8 in Axes
  4497 | D:5      | Mangled by a wight

Illustrated notes

Levels and vault maps discovered:
D:1:      dpeg_arrival_brainrot, layout_basic
D:2:      layout_loops_corners, serial_shops, shop_scrolls, basic_altar
D:3:      cheibrodos_fertilizer, layout_loops_ring,
          yredelemnul_forgotten_temple_becter,
          mainiacjoe_overflow_catch_the_wave, kennysheep_generic_room_10
D:4:      layout_cave_pools, nicolae_qazlal_beasts_of_the_sky,
          dk_noncrumbling_2, minivault_11, uniq_natasha
D:5:      layout_loops_ring, nicolae_hepliaklqana_ecumenical_no_more,
          gammafunk_ghost_hive, minmay_ogre_servants

Skill      XL: |  1  2  3  4  5  6  7 |
---------------+----------------------+-----
Axes           | 3 4 5 6 7 8 |  8.4
Fighting       | |  3.0
Armour         | |  1.7
Dodging        | |  1.7

Action                     |  1- 3 |  4- 6 |  7- 9 || total
---------------------------+-------+-------+-------++-------
  Melee: Hand axe          |    70 |   236 |    55 ||   361
         Punch             |       |     2 |       ||     2
 Invoke: Berserk           |     2 |     4 |       ||     6
    Use: Scroll            |       |     8 |       ||     8
   Stab: Sleeping          |     2 |       |       ||     2
 Armour: Animal skin       |    30 |       |       ||    30
         Leather armour    |    11 |    33 |       ||    44
         Ring mail         |       |    87 |       ||    87
         Chain mail        |       |     4 |    41 ||    45
  Dodge: Dodged            |    40 |    97 |    19 ||   156

Table legend: (Time is in decaauts)
 A = Elapsed time spent in this place.
 B = Non-inter-level travel time spent in this place.
 C = Inter-level travel time spent in this place.
 D = Time resting spent in this place.
 E = Time spent auto-exploring this place.
 F = Levels seen in this place.
 G = Mean time per level.
                   A        B        C        D        E       F      G
               +--------+--------+--------+--------+--------+-----+--------+
         Total |   4573 |   4409 |    164 |    128 |   3502 |   5 |  914.6 |
       Dungeon |   4573 |   4409 |    164 |    128 |   3502 |   5 |  914.6 |
               +--------+--------+--------+--------+--------+-----+--------+

Top non-repeatable levels by time:
     D:3: 1201 daAuts
     D:2: 1180 daAuts
     D:4: 890 daAuts
     D:1: 799 daAuts
     D:5: 501 daAuts
